 Dungeon Crawl Stone Soup version 0.26.0-45-g9c1d065592 (webtiles) character file.

Game seed: 6192724709278387517

221 trckry the Bolt Thrower (level 5, -6/31 HPs)
             Began as a Tengu Hunter on Jan 31, 2021.
             Was an Initiate of Okawaru.
             Mangled by a mummy (19 damage)
             ... in an ossuary.
             The game lasted 00:09:18 (3499 turns).

trckry the Bolt Thrower (Tengu Hunter)              Turns: 3499, Time: 00:09:18

Health: -6/31      AC:  3    Str: 13    XL:     5   Next: 98%
Magic:  7/7        EV: 15    Int: 12    God:    Okawaru [......]
Gold:   116        SH:  5    Dex: 14    Spells: 4/4 levels left

rFire    . . .     SeeInvis .   a - +1 hand crossbow
rCold    . . .     Faith    .   (no shield)
rNeg     . . .     Spirit   .   c - +0 leather armour
rPois    .         Reflect  +   (helmet restricted)
rElec    .         Harm     .   (no cloak)
rCorr    +         Rampage  .   (no gloves)
Will     .....                  (boots unavailable)
Stlth    +.........             n - amulet of reflection
HPRegen  0.10/turn              f - ring of resist corrosion
MPRegen  0.10/turn              (no ring)

@: flying quickly and evasively, quick
A: beak, talons 3, able to fly
a: Stop Flying, Renounce Religion


You were in an ossuary.
You worshipped Okawaru.
Okawaru was noncommittal.
You visited 2 branches of the dungeon, and saw 5 of its levels.
You also visited: Ossuary.

You collected 116 gold pieces.

Inventory:

Hand Weapons
 a - a +1 hand crossbow (weapon)
 b - a +1 dagger of venom
Missiles
 d - 44 bolts (quivered ammo)
Armour
 c - a +0 leather armour (worn)
Jewellery
 f - a ring of resist corrosion (left hand)
 n - an amulet of reflection (around neck)
 t - an uncursed ring of ice
Wands
 q - a wand of acid (6)
Scrolls
 g - 2 scrolls of immolation {unknown}
 i - 2 scrolls of blinking {unknown}
 j - 5 scrolls of identify {unknown}
 o - 4 scrolls of teleportation {unknown}
 p - 2 scrolls of remove curse {unknown}
 r - a scroll of fog {unknown}
 s - a scroll of enchant armour {unknown}
 v - a scroll of fear {unknown}
Potions
 e - a potion of heal wounds {unknown}
 h - a potion of cancellation {unknown}
 k - 2 potions of curing
 l - a potion of magic {unknown}
 m - a potion of brilliance {unknown}
 u - a potion of haste {unknown}


   Skills:
 + Level 2.7 Fighting
 + Level 1.9 Staves
 * Level 5.5 Crossbows
 + Level 1.9 Armour
 - Level 2.5 Dodging
 - Level 1.0 Stealth
 + Level 1.7 Invocations
 + Level 1.7 Evocations


You had 4 spell levels left.
You didn't know any spells.
Your spell library contained the following spells:

 Spells                   Type           Power        Failure   Level
 Freeze                   Ice            0%           38%         1


Dungeon Overview and Level Annotations

Branches:
Dungeon (4/15)             Temple (1/1) D:4         Ossuary (1/1)

Altars:
Ashenzari
Cheibriados
Dithmenos
Elyvilon
Hepliaklqana
Kikubaaqudgha
Makhleb
Okawaru
Ru
Sif Muna
Trog
Uskayaw
Wu Jian
Yredelemnul
The Shining One


Innate Abilities, Weirdness & Mutations

You have a beak for a mouth.
You have claws for feet.
You can fly continuously.


Message History

The mummy is almost destroyed.
The mummy misses you. The mummy barely misses you. x2
Fire: 46 bolts
Press: ? - help, Q - select action, (/) - cycle Shift-Dir - straight line, f/p - mummy
Aim: a mummy (almost destroyed, 79% to hit)
You shoot a bolt. The bolt hits the mummy.
The mummy is almost destroyed.
The mummy completely misses you. The mummy closely misses you.
The mummy hits you!
* * * LOW HITPOINT WARNING * * *
You feel better.
Fire: 45 bolts
Press: ? - help, Q - select action, (/) - cycle Shift-Dir - straight line, f/p - mummy
Aim: a mummy (almost destroyed, 79% to hit)
You shoot a bolt. The bolt hits the mummy!
You destroy the mummy!
Okawaru accepts your kill. The mummy hits you!!
Ouch! That really hurt!
You die...

#######
#(#.#.#
#((...#
#...#
#(∩.#
#...#
#(M.#
#@M.#
##+##


You could see 2 mummies.

Vanquished Creatures
  2 orc wizards (D:3)
  A hound skeleton (D:4)
  A mummy (Ossuary)
  Robin (D:2)
  4 adders
  2 worms (D:2)
  2 dart slugs
  2 leopard geckos (D:3)
  2 orcs (D:3)
  2 giant cockroaches (D:1)
  10 hobgoblins
  14 jackals
  13 kobolds
  A quokka (D:3)
  9 bats
  4 frilled lizards
  19 goblins
  A leopard gecko skeleton (D:3)
  6 rats
96 creatures vanquished.

Notes
Turn   | Place    | Note
-------+----------+-------------------------------------------
     0 | D:1      | trckry the Tengu Hunter began the quest for the Orb.
     0 | D:1      | Reached XP level 1. HP: 12/12 MP: 2/2
   201 | D:1      | Reached XP level 2. HP: 17/17 MP: 3/3
   428 | D:1      | Reached XP level 3. HP: 14/21 MP: 4/4
   976 | D:2      | Reached skill level 1 in Staves
  1096 | D:2      | Reached skill level 1 in Armour
  1128 | D:2      | Noticed Robin
  1231 | D:2      | Reached skill level 1 in Invocations
  1285 | D:2      | Killed Robin
  1286 | D:2      | Reached skill level 1 in Evocations
  1286 | D:2      | Reached XP level 4. HP: 21/26 MP: 5/5
  1459 | D:2      | Reached skill level 5 in Crossbows
  2170 | D:3      | Gained mutation: You can fly continuously. [Tengu growth]
  2170 | D:3      | Reached XP level 5. HP: 31/31 MP: 7/7
  2397 | D:3      | Found a shimmering blue altar of Sif Muna.
  2427 | D:3      | Identified Sif Muna's Almanac of the Frostbite
  3102 | D:4      | Found a staircase to the Ecumenical Temple.
  3108 | Temple   | Entered the Ecumenical Temple
  3328 | Temple   | Became a worshipper of Warmaster Okawaru
  3472 | D:4      | Found a sand-covered staircase.
  3482 | Ossuary  | Entered an ossuary
  3497 | Ossuary  | HP: 3/31 [mummy (10)]
  3499 | Ossuary  | Mangled by a mummy

Illustrated notes

Levels and vault maps discovered:
D:1:      minmay_arrival_doors, layout_loops_ring, minmay_tromino_i2
D:2:      layout_basic, uniq_robin
D:3:      layout_loops_ring, led_sif_book
D:4:      layout_gridville, nemelex_xobeh_ov_fountains_minmay,
          minmay_temple_entry_hall, enter_ossuary_2, serial_shops,
          nicolae_shop_crystal
Temple:   regret_index_temple_generic_petals
Ossuary:  ossuary_minmay_chase

Skill      XL: |  1  2  3  4 |
---------------+-------------+-----
Staves         | 1 |  1.9
Armour         | 1 |  1.9
Invocations    | 1 |  1.7
Evocations     | 1 |  1.7
Crossbows      | 5 |  5.5
Fighting       | |  2.7
Dodging        | |  2.5
Stealth        | |  1.0

Action                   |  1- 3 |  4- 6 || total
-------------------------+-------+-------++-------
Melee: Dagger            |    99 |   108 ||   207
       Peck              |     7 |    15 ||    22
       Kick              |    23 |    29 ||    52
 Fire: Hand crossbow     |     3 |    13 ||    16
 Abil: Fly               |       |     1 ||     1
  Use: Potion            |       |     1 ||     1
 Stab: Sleeping          |     2 |     3 ||     5
Armor: Leather armour    |    15 |     9 ||    24
Dodge: Dodged            |    34 |    59 ||    93
Block: Other             |       |    24 ||    24
